 Dungeon Crawl Stone Soup version 0.31.0-11-ge490571c62 (webtiles) character file.

Game seed: 12568511785007852074

72807 Daunt the Cleaver (level 15, 0/120 HPs)
             Began as a Vine Stalker Fighter on Jan 26, 2024.
             Was a High Priest of Okawaru.
             Succumbed to a nagaraja's splash of poison
             ... on level 2 of the Snake Pit on Jan 27, 2024.
             The game lasted 01:47:41 (7789 turns).

Daunt the Cleaver (Vine Stalker Fighter)            Turns: 7789, Time: 01:47:42

Health: 0/120      AC: 17    Str: 27    XL:     15   Next: 7%
Magic:  17/25      EV: 12    Int:  8    God:    Okawaru [*****.]
Gold:   897        SH: 12    Dex: 24    Spells: 14/14 levels left

rFire   + + +        a - +6 broad axe (flame)
rCold   + . .        X - +1 kite shield {rF+}
rNeg    + . .        G - +0 plate armour of Eternal Vigilance {rF+ rC+ Str+2}
rPois   +            (no helmet)
rElec   .            J - scarf of the Teacher {repulsion, rPois Dex+3}
rCorr   .            Q - +0 pair of gloves
SInv    .            l - +1 pair of boots "Ketoleim" {rF+ rN+ Will+++ Slay-4}
Will    ++++.        z - amulet of magic regeneration Stlth
                     d - +5 ring of evasion
HPRegen 1.20/turn    H - +6 ring of dexterity
MPRegen 0.59/turn

%: repel missiles, guardian spirit
@: berserking, lethally poisoned (0 -> -2), constricted, very quick
A: fangs 3, regeneration 1, magic shield, antimagic bite, no potion heal 2
a: Renounce Religion, Heroism, Finesse, Duel


You were on level 2 of the Snake Pit.
You worshipped Okawaru.
Okawaru was extremely pleased with you.
You visited 5 branches of the dungeon, and saw 22 of its levels.
You visited 1 bazaar.

You collected 1641 gold pieces.
You spent 744 gold pieces at shops.

Inventory:

Hand Weapons
 a - a +6 broad axe of flaming (weapon)
 e - a +3 battleaxe
 N - a +0 broad axe of flaming
 Y - the +6 war axe of Moderation {flame, rN+ Int+3}
   (You found it on level 2 of the Dungeon)

   Int+3:     It affects your intelligence (+3).
   rN+:       It protects you from negative energy.
Missiles
 f - 55 stones
 i - 4 darts of dispersal
 r - 7 poisoned darts (quivered)
 w - a throwing net
 y - 2 silver javelins
 A - a curare-tipped dart
 B - 4 javelins
 M - 7 atropa-tipped darts
 S - 8 boomerangs
 V - 2 datura-tipped darts
Armour
 c - a +0 buckler
 l - the +1 pair of boots "Ketoleim" (worn) {rF+ rN+ Will+++ Slay-4}
   (Okawaru gifted it to you on level 1 of the Snake Pit)

   Slay-4:    It affects your accuracy & damage with ranged weapons and melee
   (-4).
   rF+:       It protects you from fire.
   rN+:       It protects you from negative energy.
   Will+++:   It greatly increases your willpower.
 E - a +0 tower shield
 G - the +0 plate armour of Eternal Vigilance (worn) {rF+ rC+ Str+2}
   (You found it on level 10 of the Dungeon)

   Str+2:     It affects your strength (+2).
   rF+:       It protects you from fire.
   rC+:       It protects you from cold.
 J - the scarf of the Teacher (worn) {repulsion, rPois Dex+3}
   (You bought it in a shop in a bazaar)

   Dex+3:     It affects your dexterity (+3).
   rPois:     It protects you from poison
 Q - a +0 pair of gloves (worn)
 U - the +0 pair of gloves of Vlad {*Slow rElec rPois Dex+4}
   (You found it on level 5 of the Lair of Beasts)

   Dex+4:     It affects your dexterity (+4).
   rElec:     It insulates you from electricity.
   rPois:     It protects you from poison *Slow: It may slow you when you take
   damage.
 X - a +1 kite shield of fire resistance (worn)
Jewellery
 d - a +5 ring of evasion (left hand)
 z - an amulet of magic regeneration (around neck)
 H - a +6 ring of dexterity (right hand)
 I - a ring of see invisible
Wands
 p - a wand of iceblast (2)
 P - a wand of light (3)
Scrolls
 h - 2 scrolls of enchant armour {unknown}
 j - 11 scrolls of teleportation
 k - 7 scrolls of fog
 m - 2 scrolls of vulnerability {unknown}
 n - 4 scrolls of poison
 o - 3 scrolls of enchant weapon {unknown}
 q - 3 scrolls of noise {unknown}
 C - 3 scrolls of immolation {unknown}
 D - 2 scrolls of brand weapon {unknown}
 T - a scroll of torment {unknown}
Potions
 b - 2 potions of curing
 g - 3 potions of mutation
 s - 2 potions of attraction
 t - a potion of cancellation {unknown}
 u - a potion of lignification {unknown}
 v - 3 potions of magic {unknown}
 x - a potion of enlightenment {unknown}
 F - 2 potions of haste {unknown}
 L - a potion of berserk rage
 O - 2 potions of degeneration {unknown}
 R - a potion of ambrosia {unknown}
 W - a potion of resistance {unknown}


   Skills:
 + Level 10.0 Fighting
 * Level 14.8 Axes
 + Level 7.9 Armour
 - Level 6.0 Dodging
 * Level 5.2 Shields
 - Level 12.3 Invocations
 - Level 5.0 Evocations


You had 14 spell levels left.
You didn't know any spells.
Your spell library contained the following spells:

 Spells                   Type           Power      Damage    Failure   Level
 Slow                     Hex            0%         N/A       100%        1
 Sublimation of Blood     Necr           0%         N/A       100%        2
 Confusing Touch          Hex            0%         N/A       100%        3
 Dazzling Flash           Conj/Hex       0%         N/A       100%        3
 Mephitic Cloud           Conj/Alch/Air  0%         N/A       100%        3
 Sigil of Binding         Hex            0%         N/A       100%        3
 Vampiric Draining        Necr           0%         2d6       100%        3
 Dimensional Bullseye     Hex/Tloc       0%         N/A       100%        4
 Petrify                  Alch/Erth      0%         N/A       100%        4
 Curse of Agony           Necr           0%         N/A       100%        5
 Irradiate                Conj/Alch      0%         3d11      100%        5
 Silence                  Hex/Air        0%         N/A       100%        5
 Summon Small Mammal      Summ           Unusable   N/A       N/A         1
 Call Canine Familiar     Summ           Unusable   N/A       N/A         3
 Summon Blazeheart Golem  Fire/Summ      Unusable   N/A       N/A         4

Dungeon Overview and Level Annotations

Branches:
Dungeon (12/15)            Temple (1/1) D:6            Lair (5/5) D:9
 Shoals (0/4) Lair:2        Snake (2/4) Lair:3        Slime (0/5) Lair:5
    Orc (2/2) D:10            Elf (0/3) Orc:2

Altars:
Ashenzari
Cheibriados
Dithmenos
Elyvilon
Gozag
Hepliaklqana
Kikubaaqudgha
Makhleb
Nemelex Xobeh
Okawaru
Qazlal
Ru
Sif Muna
Uskayaw
Vehumet
Wu Jian
Xom
Yredelemnul
Zin
The Shining One

Shops:
D:11 *   Orc:2 *[(::

Annotations:
D:3 2 transporters, DeathSocks's ghost, amateur DsGl
Lair:5 1 runed translucent door


Innate Abilities, Weirdness & Mutations

You have razor-sharp teeth.
Your natural rate of healing is unusually fast.
When hurt, damage is shared between your health and your magic reserves.
Your bite disrupts and absorbs the magic of your enemies.
Potions cannot restore your health.


Message History

The nagaraja spits poison at you. The splash of poison hits you!
You are poisoned.
You resist.
* * * LOW HITPOINT WARNING * * *
The nagaraja constricts you.
* * * LOW HITPOINT WARNING * * *
Unknown command.
Unknown command.
A red film seems to cover your vision as you go berserk!
Your finesse ends abruptly.
You feel yourself moving faster!
You feel mighty!
You feel very sick. The nagaraja barely misses you.
The nagaraja constricts you.
* * * LOW HITPOINT WARNING * * *
You block the nagaraja's attack. The nagaraja constricts you.
You hit the nagaraja. You burn the nagaraja. Your bite misses the nagaraja.
The nagaraja is heavily wounded.
You feel very sick. You block the nagaraja's attack.
The nagaraja constricts you.
* * * LOW HITPOINT WARNING * * *
You barely miss the nagaraja. Your bite misses the nagaraja.
The nagaraja is heavily wounded.
You feel sick.
You closely miss the nagaraja. Your bite misses the nagaraja.
The nagaraja is heavily wounded.
You feel sick. The nagaraja spits poison at you.
You block the splash of poison. The nagaraja constricts you.
* * * LOW HITPOINT WARNING * * *
You closely miss the nagaraja. Your bite misses the nagaraja.
The nagaraja is heavily wounded.
You feel sick. The nagaraja hits you with a +0 spear!!
* * * LOW HITPOINT WARNING * * *
The nagaraja constricts you.
* * * LOW HITPOINT WARNING * * *
You slice the nagaraja!! You burn the nagaraja. You bite the nagaraja!
The nagaraja's magic leaks into the air.
You drain its magic.
You feel invigorated.
The nagaraja is almost dead.
You die...

.........##.........##
..#..##.##...........#
..#######...##...##...#
#.# #...# #.♣.# #...#
### #..# ##...## #..#
#... #.....# ... #<.
#..>..# .> #. #.....#
## ##..@## # #.♣N# ..#
...##..(##.N.#
#......$(...#
##.........##
##.....(.## ###..(###
#.♣.# #.#.#


You could see a nagaraja (fast, poisoned, catching breath, magic disrupted).

Vanquished Creatures
  Kirke (Lair:3)
  An orc warlord (Orc:2)
  Fannar (Orc:1)
  4 hydras
  6 two-headed ogres
  Erolcha (Orc:2)
  3 anacondas
  An ogre mage (Orc:2)
  2 boulder beetles
  An orc high priest (Orc:2)
  2 shock serpents (Snake:2)
  2 mana vipers
  A naga ritualist (Snake:2)
  Pikel (D:6)
  5 orc knights
  A deep elf pyromancer (D:12)
  A wolf spider (Lair:5)
  2 ugly things
  3 orc sorcerers (Orc:2)
  4 manticores
  A cyclops (Orc:2)
  13 black mambas
  2 guardian serpents
  3 naga magi
  Joseph (D:8)
  A gargoyle (D:12)
  An unseen horror (D:11)
  15 cane toads
  A rime drake (Lair:5)
  7 komodo dragons
  A kobold demonologist (D:12)
  Maggie (D:8)
  3 polar bears (Lair:3)
  Grinder (D:5)
  3 trolls
  3 hornets (Lair:5)
  3 blink frogs (Lair:5)
  A shadow (D:12)
  A spriggan (Lair:3)
  15 wyverns
  3 wraiths
  2 humans (Lair:3)
  41 yaks
  2 vampires (D:12)
  A hog (Lair:3)
  4 redbacks (Lair:5)
  4 basilisks
  2 wargs (Orc:2)
  5 vampire mosquitoes
  3 acid dragons
  8 nagas
  23 water moccasins
  An ice beast (D:5)
  A laughing skull (D:12)
  A sky beast (D:7)
  2 black bears
  22 orc warriors
  14 ogres
  7 wolves
  5 centaurs (D:12)
  A lemure (D:6)
  A phantom (D:5)
  4 kobold brigands
  A gnoll sergeant (D:9)
  8 bullfrogs
  Blork the orc (D:6)
  3 scorpions
  9 wights
  18 killer bees
  4 howler monkeys
  3 bombardier beetles
  A jelly (D:5)
  14 orc priests
  A gnoll bouda (D:6)
  5 hounds
  6 iguanas
  18 orc wizards
  2 sleepcaps
  7 hell rats (Lair:3)
  4 adders
  8 gnolls
  A shadow imp (D:5)
  2 white imps
  4 ufetubi
  2 dart slugs
  54 orcs
  3 bats
  4 endoplasms
  5 giant cockroaches
  7 hobgoblins
  4 jackals (D:5)
  A quokka (D:3)
  A ball python (D:4)
  A frilled lizard (D:1)
  2 goblins
  24 kobolds
  3 rats
508 creatures vanquished.

Vanquished Creatures (others)
  An orc sorcerer (Orc:2)
  A centaur (D:12)
  An orc (Orc:2)
3 creatures vanquished.

Grand Total: 511 creatures vanquished

Notes
Turn   | Place    | Note
-------+----------+-------------------------------------------
     0 | D:1      | Daunt the Vine Stalker Fighter began the quest for the Orb.
     0 | D:1      | Reached XP level 1. HP: 11/11 MP: 2/2
    89 | D:1      | Reached skill level 2 in Axes
   128 | D:2      | Reached XP level 2. HP: 16/16 MP: 3/3
   238 | D:2      | Reached XP level 3. HP: 20/20 MP: 2/4
   296 | D:2      | Identified the +6 war axe of Moderation {flame, rN+ Int+3}
   425 | D:3      | Reached skill level 3 in Axes
   435 | D:3      | Found a transporter.
   440 | D:3      | Noticed DeathSocks's ghost (amateur DsGl)
   517 | D:3      | Reached XP level 4. HP: 17/24 MP: 3/5
   556 | D:3      | Found a transporter.
   673 | D:4      | Reached skill level 4 in Axes
   673 | D:4      | Reached XP level 5. HP: 29/29 MP: 4/6
   687 | D:5      | Entered Level 5 of the Dungeon
   843 | D:5      | Noticed a black bear
   928 | D:4      | Noticed an ogre
   938 | D:4      | Killed an ogre
   939 | D:4      | Reached XP level 6. HP: 24/33 MP: 4/7
   951 | D:4      | Reached skill level 5 in Axes
  1025 | D:3      | Found a sacrificial altar of Ru.
  1025 | D:3      | Found an ancient bone altar of Kikubaaqudgha.
  1025 | D:3      | Found a glowing golden altar of the Shining One.
  1025 | D:3      | Found a basalt altar of Yredelemnul.
  1028 | D:3      | Found a snail-covered altar of Cheibriados.
  1041 | D:4      | Reached XP level 7. HP: 38/38 MP: 6/8
  1201 | D:5      | Reached skill level 6 in Axes
  1232 | D:5      | Identified the +1 robe "Pocholeama" {^Contam rPois Int+8
                  | Dex-4}
  1242 | D:5      | Reached skill level 5 in Fighting
  1335 | D:5      | Gained mutation: You have razor-sharp teeth. [Vine Stalker
                  | growth]
  1335 | D:5      | Reached XP level 8. HP: 43/43 MP: 9/9
  1355 | D:6      | Noticed Blork the orc
  1371 | D:6      | Killed Blork the orc
  1372 | D:6      | Reached skill level 7 in Axes
  1487 | D:5      | Noticed Grinder
  1489 | D:5      | Killed Grinder
  1499 | D:5      | Found an opulent altar of Gozag.
  1614 | D:6      | Noticed Pikel
  1632 | D:6      | Killed Pikel
  1633 | D:6      | Reached skill level 8 in Axes
  1633 | D:6      | Reached XP level 9. HP: 47/49 MP: 8/10
  1731 | D:7      | Reached skill level 9 in Axes
  1801 | D:6      | Found a staircase to the Ecumenical Temple.
  1807 | Temple   | Entered the Ecumenical Temple
  1817 | Temple   | Became a worshipper of Warmaster Okawaru
  2083 | D:8      | Reached * piety under Okawaru
  2096 | D:7      | Reached skill level 10 in Axes
  2102 | D:7      | Found a shimmering altar of Xom.
  2102 | D:7      | Found a radiant altar of Vehumet.
  2310 | D:8      | Reached XP level 10. HP: 46/56 MP: 9/11
  2327 | D:8      | Noticed Maggie
  2334 | D:8      | Killed Maggie
  2334 | D:8      | Reached ** piety under Okawaru
  2392 | D:8      | Noticed Joseph
  2405 | D:8      | Reached skill level 11 in Axes
  2405 | D:8      | Killed Joseph
  2431 | D:8      | Reached *** piety under Okawaru
  2709 | D:9      | Noticed a two-headed ogre
  2714 | D:9      | Killed a two-headed ogre
  2735 | D:9      | Reached **** piety under Okawaru
  2755 | D:10     | Entered Level 10 of the Dungeon
  2769 | D:10     | Reached XP level 11. HP: 52/60 MP: 12/12
  2772 | D:10     | Reached skill level 1 in Invocations
  2789 | D:10     | Identified the +0 plate armour of Eternal Vigilance {rF+
                  | rC+ Str+2}
  3068 | D:10     | Found a staircase to the Orcish Mines.
  3129 | D:10     | Reached skill level 5 in Evocations
  3168 | D:11     | Reached ***** piety under Okawaru
  3258 | D:12     | Reached skill level 5 in Invocations
  3307 | D:12     | Noticed a two-headed ogre
  3316 | D:12     | Killed a two-headed ogre
  3329 | D:12     | Noticed a boulder beetle
  3329 | D:12     | Noticed a manticore
  3349 | D:12     | Killed a manticore
  3364 | D:12     | Killed a boulder beetle
  3384 | D:12     | Received a gift from Okawaru
  3386 | D:12     | Noticed a white ugly thing
  3389 | D:12     | Noticed a manticore
  3397 | D:12     | Killed a white ugly thing
  3401 | D:12     | Killed a manticore
  3454 | D:12     | Noticed a deep elf pyromancer
  3461 | D:12     | Killed a deep elf pyromancer
  3527 | D:12     | Found a flickering gateway to a bazaar.
  3533 | Bazaar   | Entered a bazaar
  3533 | Bazaar   | Found Baazxo's Antique Armour Emporium.
  3533 | Bazaar   | Found Cugaisum's General Store.
  3533 | Bazaar   | Found Moocwuac's General Store.
  3533 | Bazaar   | Found Weq Tin's Weapon Emporium.
  3541 | Bazaar   | Bought a scroll of identify for 18 gold pieces
  3553 | Bazaar   | Bought a polished scarf for 350 gold pieces
  3553 | Bazaar   | Identified the scarf of the Teacher {repulsion, rPois
                  | Dex+3} (You bought it in a shop in a bazaar)
  3560 | Bazaar   | Bought a scroll of identify for 18 gold pieces
  3560 | Bazaar   | Bought a potion of berserk rage for 45 gold pieces
  3560 | Bazaar   | Bought a scroll of blinking for 67 gold pieces
  3600 | D:12     | Reached XP level 12. HP: 63/65 MP: 19/19
  3759 | D:11     | Found Zin's Purification Station.
  3764 | D:11     | Found a glowing silver altar of Zin.
  3852 | D:11     | Noticed a two-headed ogre
  3860 | D:11     | Killed a two-headed ogre
  3861 | D:11     | Reached skill level 10 in Invocations
  4000 | D:11     | Reached skill level 1 in Dodging
  4320 | D:9      | Reached skill level 12 in Axes
  4360 | D:9      | Found a staircase to the Lair.
  4394 | Lair:1   | Entered Level 1 of the Lair of Beasts
  4574 | Lair:2   | Received a gift from Okawaru
  4625 | Lair:2   | Found a staircase to the Shoals.
  4738 | Lair:1   | Noticed a five-headed hydra
  4752 | Lair:1   | Received a gift from Okawaru
  4756 | Lair:1   | Killed a one-headed hydra
  4757 | Lair:1   | Reached XP level 13. HP: 58/70 MP: 22/22
  4857 | Lair:3   | Reached skill level 5 in Armour
  4891 | Lair:5   | Entered Level 5 of the Lair of Beasts
  4891 | Lair:5   | Noticed an acid blob
  4891 | Lair:5   | Found a runed translucent door.
  4891 | Lair:5   | Found a staircase to the Slime Pits.
  5368 | Lair:5   | Received a gift from Okawaru
  5369 | Lair:5   | Reached skill level 13 in Axes
  5377 | Lair:5   | Reached skill level 5 in Dodging
  5561 | Lair:5   | Got an earthy gem with 2639 turns to spare
  5569 | Lair:5   | Identified the +0 pair of gloves of Vlad {*Slow rElec rPois
                  | Dex+4}
  5614 | Arena    | Entered the Arena
  5880 | Orc:1    | Entered Level 1 of the Orcish Mines
  5905 | Orc:1    | Received a gift from Okawaru
  5906 | Orc:1    | Reached XP level 14. HP: 44/74 MP: 19/24
  5934 | Orc:1    | Noticed Fannar
  5949 | Orc:1    | Killed Fannar
  6103 | Orc:2    | Entered Level 2 of the Orcish Mines
  6213 | Orc:2    | Found a staircase to the Elven Halls.
  6273 | Orc:2    | Found Ruusson's Book Shoppe.
  6368 | Orc:2    | Noticed Erolcha
  6430 | Orc:2    | Killed Erolcha
  6470 | Orc:2    | Reached skill level 14 in Axes
  6481 | Orc:2    | Noticed an orc warlord
  6484 | Orc:2    | Received a gift from Okawaru
  6512 | Orc:2    | Killed an orc warlord
  6575 | Orc:2    | Found Rinas's Book Shoppe.
  6639 | Orc:2    | Found Kaot's Antique Armour Shoppe.
  6653 | Orc:2    | Found Cavuthot's General Store.
  6661 | Orc:2    | Bought a scroll of poison for 48 gold pieces
  6661 | Orc:2    | Bought a +1 kite shield of fire resistance for 198 gold
                  | pieces
  6681 | Orc:2    | Found Zinoat's Antique Weapon Shoppe.
  6891 | Lair:3   | Noticed Kirke
  6897 | Lair:3   | Killed Kirke
  7137 | Lair:3   | Found a staircase to the Snake Pit.
  7178 | Snake:1  | Entered Level 1 of the Snake Pit
  7479 | Snake:1  | Reached ****** piety under Okawaru
  7480 | Snake:1  | Acquired a +6 broad axe of flaming
  7480 | Snake:1  | Received a gift from Okawaru
  7490 | Snake:1  | Acquired the +1 pair of boots "Ketoleim" {rF+ rN+ Will+++
                  | Slay-4}
  7490 | Snake:1  | Received a gift from Okawaru
  7641 | Snake:2  | Received a gift from Okawaru
  7658 | Arena    | Entered the Arena
  7659 | Arena    | HP: 2/76 [anaconda[a naga ritualist] (3)]
  7663 | Arena    | Reached XP level 15. HP: 3/80 MP: 1/25
  7688 | Snake:2  | Reached skill level 5 in Shields
  7713 | Snake:2  | Reached skill level 10 in Fighting
  7765 | Snake:2  | Noticed a nagaraja
  7788 | Snake:2  | HP: 4/120 [nagaraja/+0 spear (15)]
  7789 | Snake:2  | Succumbed to a nagaraja's splash of poison

Illustrated notes

Levels and vault maps discovered:
D:1:      sevenhm_arrival_forest_fort_large_4, layout_loops_ring,
          dilly_ecumenical_altar_fadedgnrine
D:2:      layout_basic, uniq_crazy_yiuf_cottage, uniq_sigmund
D:3:      layout_basic, nicolae_overflow_hidden_temple, lemuel_tele_altar,
          gammafunk_ghost_stat_death
D:4:      layout_basic, hex_tiny, minmay_circle_x
D:5:      layout_rooms, grunt_gozag_breadcrumbs, kennysheep_generic_room_4,
          uniq_grinder
D:6:      layout_loops_ring, minmay_temple_entry_fiery, uniq_blork_the_orc,
          uniq_duvessa, uniq_pikel, uniq_prince_ribbit1
D:7:      layout_basic, trog_wizard, mainiacjoe_overflow_divided_tiny
D:8:      layout_cave_pools, uniq_maggie, uniq_joseph
D:9:      layout_roguey, dpeg_oklobed_lair, uniq_erica
D:10:     layout_loops_ring, david_orc_2
D:11:     layout_loops_corners, zin_purify
D:12:     kennysheep_blocky_room, layout_loops_ring, serial_shops,
          bzr_entry_dummy
Temple:   nicolae_temple_slightly_damp_pantheon
Lair:1:   layout_chaotic_city
Lair:2:   wad_woods_minihive, layout_cave_shapes, minmay_shoals_entry_beasts,
          grunt_forest_small_clearings, uniq_gastronok
Lair:3:   layout_big_grid, minmay_snake_entry_six_corridors, st_stairs_10,
          grunt_forest_large_clearings, uniq_kirke
Lair:4:   layout_gridlike, lemuel_fruit_tree
Lair:5:   hangedman_lair_tendril_chambers, layout_gridlike,
          guppyfry_lair_end_dragon, slime_entry_2, st_stairs_7
Snake:1:  nicolae_snake_attic_fulla_snakes, layout_cave_pods, uniq_mlioglotl
Snake:2:  layout_cave_shapes, grunt_megastairs_5, uniq_agnes
Orc:1:    layout_caves, uniq_fannar
Orc:2:    grunt_orc_cross, layout_caves, serial_shops,
          nicolae_shop_window_shopping, uniq_erolcha

Skill      XL: |  1  2  3  4  5  6  7  8  9 10 11 12 13 14 15 |
---------------+----------------------------------------------+-----
Axes           | 2 3 4 5 6 8 10 11 12 13 14 | 14.8
Fighting       | 3 4 5 6 7 8 9 10 | 10.0
Evocations     | 4 5 |  5.0
Invocations    | 9 11 12 | 12.3
Dodging        | 3 5 6 |  6.0
Armour         | 4 6 7 |  7.9
Shields        | 4 5 |  5.2

Action                     |  1- 3 |  4- 6 |  7- 9 | 10-12 | 13-15 || total
---------------------------+-------+-------+-------+-------+-------++-------
  Melee: War axe           |    42 |    57 |   158 |   374 |   562 ||  1193
         Bite              |     5 |     8 |    30 |   129 |   203 ||   375
         Broad axe         |       |       |       |     6 |    83 ||    89
  Throw: Stone             |       |       |     2 |     5 |       ||     7
         Dart              |       |       |       |     8 |    43 ||    51
 Invoke: Heroism           |       |       |       |     6 |     9 ||    15
         Finesse           |       |       |       |     5 |     6 ||    11
         Duel              |       |       |       |       |     2 ||     2
         Receive Weapon    |       |       |       |       |     1 ||     1
         Receive Armour    |       |       |       |       |     1 ||     1
  Evoke: Wand              |       |     3 |     1 |    11 |     1 ||    16
    Use: Potion            |       |       |     1 |       |     2 ||     3
         Scroll            |       |       |     1 |     7 |     2 ||    10
   Stab: Distracted        |       |       |       |       |     1 ||     1
 Armour: Scale mail        |    22 |    26 |    82 |    25 |       ||   155
         Plate armour      |       |       |       |   187 |   323 ||   510
  Dodge: Dodged            |    16 |    12 |    76 |   186 |   276 ||   566
         Repelled          |       |       |       |       |     6 ||     6
  Block: Buckler           |     6 |    11 |    32 |    68 |    81 ||   198
         Kite shield       |       |       |       |       |   135 ||   135
